 Dungeon Crawl Stone Soup version 0.27-a0-1137-g3ef0f4ec91 (webtiles) character file.

Game seed: 12589588885474213218

1269 leviel the Chopper (level 8, -3/68 HPs)
             Began as a Minotaur Fighter on May 6, 2021.
             Killed by divine providence
             ... invoked by an orc priest
              (10 damage)
             ... on level 6 of the Dungeon.
             The game lasted 00:10:05 (4459 turns).

leviel the Chopper (Minotaur Fighter)               Turns: 4459, Time: 00:10:07

Health: -3/68      AC: 18    Str: 22    XL:     8   Next: 28%
Magic:  7/7        EV:  5    Int:  5    God:
Gold:   90         SH: 10    Dex: 11    Spells: 7/7 levels left

rFire    . . .     SeeInvis .   m - +0 broad axe (flame)
rCold    . . .     Faith    .   c - +0 kite shield
rNeg     . . .     Spirit   .   u - +4 plate armour
rPois    .         Reflect  .   (helmet restricted)
rElec    .         Harm     .   (no cloak)
rCorr    .         Rampage  .   (no gloves)
Will     .....                  f - +0 pair of boots
Stlth    ..........             (no amulet)
HPRegen  0.21/turn              (no ring)
MPRegen  0.10/turn              (no ring)

@: mighty, lethally poisoned (-3 -> -4)
A: horns 2, retaliatory headbutt
a: no special abilities


You were on level 6 of the Dungeon.
You visited 2 branches of the dungeon, and saw 7 of its levels.

You collected 209 gold pieces.
You spent 119 gold pieces at shops.

Inventory:

Hand Weapons
 a - a +0 war axe
 m - a +0 broad axe of flaming (weapon)
Missiles
 t - 5 javelins (quivered)
Armour
 c - a +0 kite shield (worn)
 f - a +0 pair of boots (worn)
 u - a +4 plate armour (worn)
Jewellery
 l - an amulet of regeneration
Scrolls
 j - 2 scrolls of fog
 k - a scroll of teleportation
 o - a scroll of identify
 r - 2 scrolls of blinking
 v - a scroll of acquirement {unknown}
Potions
 b - 2 potions of resistance
 d - a potion of might
 e - a potion of invisibility
 g - 2 potions of curing
 h - 5 potions of mutation {unknown}
 i - 2 potions of ambrosia {unknown}
 n - a potion of magic {unknown}
 p - 3 potions of berserk rage {unknown}
 q - 3 potions of heal wounds {unknown}
 s - a potion of brilliance {unknown}


   Skills:
 + Level 5.3 Fighting
 + Level 7.6 Axes
 + Level 0.3 Throwing
 + Level 7.0 Armour
 + Level 2.1 Dodging
 + Level 6.6 Shields


You had 7 spell levels left.
You didn't know any spells.
Your spell library was empty.

Dungeon Overview and Level Annotations

Branches:
Dungeon (6/15)             Temple (1/1) D:4

Altars:
Cheibriados
Dithmenos
Elyvilon
Fedhas
Gozag
Hepliaklqana
Kikubaaqudgha
Makhleb
Nemelex Xobeh
Qazlal
Ru
Sif Muna
Trog
Uskayaw
Wu Jian
Xom
Yredelemnul
Zin

Shops:
D:5 (


Innate Abilities, Weirdness & Mutations

You have a pair of horns on your head.
You reflexively headbutt those who attack you in melee.


Message History

You feel sick. You block the water moccasin's attack.
The orc wizard gestures at itself while chanting.
The orc wizard flickers and vanishes!
Deactivating autopickup; reactivate with Ctrl-A.
The water moccasin barely misses you.
You slash the water moccasin! You burn the water moccasin.
The water moccasin is severely wounded.
You feel sick.
The water moccasin bites you but does no damage.
The water moccasin bites you.
You are more poisoned.
The water moccasin poisons you!
You slice the water moccasin!! You burn the water moccasin.
You kill the water moccasin!
* * * LOW HITPOINT WARNING * * *
You feel very sick.
You miss something. Your headbutt misses something.
You feel very sick. Something hits you but does no damage.
A scorpion comes into view.
You barely miss something. You headbutt something.
You feel very sick.
The bullfrog swells and bulges.
Something completely misses you. Something hits you but does no damage.
You slash something! You burn something. You headbutt something.
Reactivating autopickup.
You feel a bit more experienced.
You feel sick.
The bullfrog hits you but does no damage.
Your Armour skill increases to level 7!
You barely miss the bullfrog.
You feel sick. The bullfrog barely misses you. You furiously retaliate!
You headbutt the bullfrog!
The bullfrog hits you but does no damage.
You slash the bullfrog! You burn the bullfrog.
You kill the bullfrog!
You feel sick.
The ufetubus hits you but does no damage.
You block the ufetubus's attack.
The orc priest invokes the aid of Beogh against you.
Beogh smites you!
You die...

##.#####.#### #..# #.# .
#.## #.# .. #.# #.# ...
#.# #.###### .... #.#
#.##...# ..≈.. #.#
#....#.# ###Z.$≈h!
#.#########...###oos≈≈≈≈≈
#.##..........@5oF#oo.≈)o
#...<.....#...#####


.o≈oZ ####.###.)....###### .o.. ######.# #.#.........# ..o .......#
#......####### .. ######## #####.####>..# . #......### ######## You could see a
bullfrog, a scorpion, an orc priest, an orc wizard, an orc, an ufetubus and a
wyvern zombie.

Vanquished Creatures
  2 water moccasins (D:6)
  A black bear (D:5)
  An ice beast (D:5)
  A centaur (D:5)
  A phantom (D:4)
  A bullfrog (D:6)
  A scorpion (D:4)
  A water moccasin skeleton (D:4)
  An orc priest (D:4)
  A bullfrog skeleton (D:5)
  2 jellies
  A gnoll shaman (D:5)
  3 hounds
  3 iguanas
  2 orc wizards
  2 killer bee zombies (D:6)
  A hound skeleton (D:4)
  7 adders
  3 gnolls (D:5)
  An ufetubus (D:4)
  3 worms
  2 dart slugs
  8 orcs
  4 ball pythons
  2 bats (D:3)
  7 endoplasms
  3 giant cockroaches
  4 goblins
  5 hobgoblins
  3 jackals (D:1)
  6 quokkas
  3 frilled lizards
  5 kobolds
  A quokka skeleton (D:4)
  8 rats
100 creatures vanquished.

Vanquished Creatures (others)
  2 withered plants (D:4)
2 creatures vanquished.

Grand Total: 102 creatures vanquished

Notes
Turn   | Place    | Note
-------+----------+-------------------------------------------
     0 | D:1      | leviel the Minotaur Fighter began the quest for the Orb.
     0 | D:1      | Reached XP level 1. HP: 19/19 MP: 0/0
   314 | D:1      | Reached XP level 2. HP: 19/27 MP: 1/1
   535 | D:1      | Found a faded altar of an unknown god.
   788 | D:2      | Reached XP level 3. HP: 33/33 MP: 2/2
  1063 | D:2      | Reached XP level 4. HP: 38/40 MP: 3/3
  1387 | D:2      | Reached skill level 1 in Dodging
  1850 | D:3      | Reached XP level 5. HP: 33/46 MP: 4/4
  2222 | D:4      | Found an ancient bone altar of Kikubaaqudgha.
  2227 | D:4      | Reached skill level 5 in Shields
  2241 | D:4      | Noticed a phantom
  2245 | D:4      | Killed a phantom
  2246 | D:4      | Reached skill level 5 in Axes
  2246 | D:4      | Reached skill level 5 in Armour
  2246 | D:4      | Reached XP level 6. HP: 49/53 MP: 5/5
  2574 | D:4      | Found a burning altar of Makhleb.
  2574 | D:4      | Found a blossoming altar of Fedhas.
  2577 | D:4      | Found a sacrificial altar of Ru.
  2577 | D:4      | Found a basalt altar of Yredelemnul.
  2741 | D:4      | Found a staircase to the Ecumenical Temple.
  2899 | Temple   | Entered the Ecumenical Temple
  3132 | D:5      | Entered Level 5 of the Dungeon
  3239 | D:5      | Reached XP level 7. HP: 37/60 MP: 6/6
  3743 | D:5      | Found Ojayn's Weapon Emporium.
  3747 | D:5      | Bought a +0 broad axe of flaming for 119 gold pieces
  4148 | D:5      | Reached skill level 5 in Fighting
  4305 | D:6      | Reached XP level 8. HP: 68/68 MP: 7/7
  4459 | D:6      | Killed from afar by an orc priest

Illustrated notes

Levels and vault maps discovered:
D:1:      nicolae_arrival_somewhat_less_tricky_arrival, layout_rooms,
          ebering_ecumenical_altar_webs, chequers_serial_rivers_small_a,
          st_stairs_2, minmay_misc_feat_room
D:2:      layout_basic, minmay_tetromino_i2
D:3:      layout_rooms
D:4:      layout_loops_ring, kiku_gazebo_garden_becter,
          chequers_temple_overflow_statue_of_worship, temple_hall
D:5:      layout_gridville, serial_shops, shop
D:6:      layout_loops_ring, grunt_potential, uniq_eustachio
Temple:   nicolae_temple_figure_eight

Skill      XL: |  1  2  3  4  5  6  7  8 |
---------------+-------------------------+-----
Shields        | 4 5 6 |  6.6
Fighting       | 4 5 |  5.3
Axes           | 3 4 5 6 7 |  7.6
Armour         | 4 5 6 7 |  7.0
Dodging        | 1 2 |  2.1
Throwing       | |  0.3

Action                   |  1- 3 |  4- 6 |  7- 9 || total
-------------------------+-------+-------+-------++-------
Melee: War axe           |    70 |   105 |    15 ||   190
       Headbutt          |    13 |    20 |    14 ||    47
       Broad axe         |       |       |    55 ||    55
Throw: Javelin           |       |       |     4 ||     4
  Use: Scroll            |       |       |    15 ||    15
       Potion            |       |       |     1 ||     1
Armor: Scale mail        |    37 |    27 |       ||    64
       Plate armour      |       |    26 |    70 ||    96
Dodge: Dodged            |    19 |    30 |    16 ||    65
Block: Kite shield       |    42 |    57 |    39 ||   138

Table legend: (Time is in decaauts)
 A = Elapsed time spent in this place.
 B = Non-inter-level travel time spent in this place.
 C = Inter-level travel time spent in this place.
 D = Time resting spent in this place.
 E = Time spent auto-exploring this place.
 F = Levels seen in this place.
 G = Mean time per level.
                   A        B        C        D        E       F      G
               +--------+--------+--------+--------+--------+-----+--------+
         Total |   4582 |   4400 |    182 |    264 |   3470 |   7 |  654.6 |
       Dungeon |   4374 |   4211 |    163 |    264 |   3281 |   6 |  729.0 |
        Temple |    208 |    189 |     19 |      0 |    189 |   1 |  208.0 |
               +--------+--------+--------+--------+--------+-----+--------+

Top non-repeatable levels by time:
     D:5: 1151 daAuts
     D:4: 958 daAuts
     D:1: 765 daAuts
     D:2: 684 daAuts
     D:3: 601 daAuts
     D:6: 211 daAuts
  Temple: 208 daAuts
